 Dungeon Crawl Stone Soup version 0.21.1-1-g345015fe64 (webtiles) character file.

195 Carigen the Covered (level 5, 0/46 HPs)
             Began as a Hill Orc Fighter on July 3, 2018.
             Was an Initiate of Okawaru.
             Killed by divine providence
             ... invoked by an orc priest
              (11 damage)
             ... on level 3 of the Dungeon.
             The game lasted 00:21:40 (3074 turns).

Carigen the Covered (Hill Orc Fighter)              Turns: 3074, Time: 00:21:40

Health: 0/46       AC: 14    Str: 19    XL:     5   Next: 74%
Magic:  6/6        EV:  3    Int:  8    God:    Okawaru [......]
Gold:   112        SH:  9    Dex: 11    Spells: 5/5 levels left

rFire    . . .     SeeInvis .   a - +0 long sword
rCold    . . .     Gourm    .   c - +0 shield
rNeg     . . .     Faith    .   v - +0 plate armour
rPois    .         Spirit   .   (no helmet)
rElec    .         Reflect  .   (no cloak)
rCorr    .         Harm     .   (no gloves)
MR       .....                  (no boots)
Stlth    ..........             r - amulet of magic regeneration
HPRegen  0.15/turn              j - +2 ring of protection
MPRegen  0.35/turn              (no ring)

@: no status effects
A: no striking features
a: Renounce Religion, Convert to Beogh


You were on level 3 of the Dungeon.
You worshipped Okawaru.
Okawaru was noncommittal.
You were not hungry.

You visited 1 branch of the dungeon, and saw 3 of its levels.

You collected 112 gold pieces.

Inventory:

Hand Weapons
 a - a +0 long sword (weapon)
 h - a +0 hunting sling
Missiles
 e - 15 sling bullets
 i - 153 stones (quivered)
Armour
 c - a +0 shield (worn)
 v - a +0 plate armour (worn)
Magical Staves
 l - an uncursed staff of fire {unknown}
Jewellery
 j - a +2 ring of protection (left hand)
 r - an amulet of magic regeneration (around neck)
Scrolls
 g - a scroll of remove curse {unknown}
 m - 2 scrolls of teleportation {unknown}
 o - a scroll of magic mapping
 p - 2 scrolls of fog
Potions
 b - a potion of resistance {unknown}
 d - a potion of might
 k - a potion of haste {unknown}
 n - a potion of lignification
 s - a potion of invisibility
Comestibles
 f - 8 rations


   Skills:
 + Level 4.1 Fighting
 + Level 3.2 Long Blades
 + Level 1.9(2.0) Slings
 + Level 0.7(1.4) Throwing
 + Level 4.5 Armour
 + Level 0.2 Dodging
 + Level 3.7 Shields
 * Level 0.7 Spellcasting


You had 5 spell levels left.
You didn't know any spells.

Dungeon Overview and Level Annotations

Branches:
Dungeon (3/15)

Altars:
Hepliaklqana
Okawaru
Ru
Uskayaw
Zin


Message History

Throwing (i - inventory):
i - 154 stones (quivered)
Press: ? - help, Shift-Dir - straight line, f - orc priest
Aim: an orc priest, wielding a hand axe You throw a stone.
The stone hits the orc priest.
The orc priest is lightly wounded.
Your plate armour prevents you from hitting the orc priest.
The orc priest is lightly wounded.
The orc priest invokes the aid of Beogh against you.
Beogh smites you!
You hear a shout!
You slash the orc priest!
The orc priest is heavily wounded.
The orc priest calls down the wrath of Beogh upon you.
Beogh smites you!
* * * LOW HITPOINT WARNING * * *
As you read the scroll of fog, it crumbles to dust.
The scroll dissolves into smoke.
The orc priest invokes the aid of Beogh against you.
Beogh smites you!
You die...

######## #######
.......## #§§(.)#
#####...########o#
##............§o@#
.#>##...########§###
...###.## #§§.. .###
#.# ###.# ## #.# #.#
######.# #.#
.......# #.#
######## #.#
..#######
###.#########


You could see an orc priest and an orc.

Vanquished Creatures
  Natasha (thrice) (D:3)
  6 adders
  2 worms (D:3)
  2 dart slugs (D:1)
  A leopard gecko (D:3)
  An orc (D:3)
  4 giant cockroaches
  6 goblins
  6 hobgoblins
  2 jackals (D:3)
  A quokka (D:3)
  6 bats
  5 frilled lizards
  9 kobolds
  5 rats
59 creatures vanquished.

Vanquished Creatures (others)
  5 toadstools (D:1)
5 creatures vanquished.

Grand Total: 64 creatures vanquished

Notes
Turn   | Place    | Note
-------+----------+-------------------------------------------
     0 | D:1      | Carigen the Hill Orc Fighter began the quest for the Orb.
     0 | D:1      | Reached XP level 1. HP: 19/19 MP: 1/1
   309 | D:1      | Reached XP level 2. HP: 25/27 MP: 2/2
  1310 | D:2      | Found an iron altar of Okawaru.
  1346 | D:2      | Became a worshipper of Warmaster Okawaru
  1378 | D:2      | Reached XP level 3. HP: 33/33 MP: 3/3
  1775 | D:2      | Reached XP level 4. HP: 28/40 MP: 4/4
  2475 | D:3      | Noticed Natasha
  2483 | D:3      | Killed Natasha
  2483 | D:3      | Reached skill level 1 in Slings
  2483 | D:3      | Reached XP level 5. HP: 46/46 MP: 5/5
  2676 | D:3      | Noticed Natasha
  2695 | D:3      | Killed Natasha
  2718 | D:3      | Noticed Natasha
  2733 | D:3      | Killed Natasha
  2996 | D:3      | Found a glowing silver altar of Zin.
  2996 | D:3      | Found a sacrificial altar of Ru.
  2997 | D:3      | Found a hide-covered altar of Uskayaw.
  3002 | D:3      | Found a hazy altar of Hepliaklqana.
  3074 | D:3      | Killed from afar by an orc priest

Skill      XL: |  1  2  3  4  5 |
---------------+----------------+-----
Long Blades    | 3 |  3.2
Armour         | 4 |  4.5
Slings         | 1 |  1.9
Fighting       | 4 |  4.1
Throwing       | |  0.7
Dodging        | |  0.2
Shields        | |  3.7
Spellcasting   | |  0.7

Action                   |  1- 3 |  4- 6 || total
-------------------------+-------+-------++-------
Melee: Long sword        |   112 |   106 ||   218
 Fire: Hunting sling     |     5 |    38 ||    43
Throw: Stone             |    32 |    36 ||    68
  Use: Scroll            |     5 |     1 ||     6
       Potion            |     3 |     1 ||     4
  Eat: Chunk             |     3 |     4 ||     7
Armor: Scale mail        |    20 |       ||    20
       Plate armour      |    57 |    81 ||   138
       Chain mail        |     6 |       ||     6
       Ring mail         |     2 |       ||     2
Dodge: Dodged            |    29 |    13 ||    42
Block: Shield            |    62 |    61 ||   123
       Rpst.: Long sword |    10 |     4 ||    14
